 Dungeon Crawl Stone Soup version 0.24-a0-464-g6b2be6b8c7 (webtiles) character file.

Game seed: 12094437236184062622

31011 DasRunzen the Blocker (level 13, -22/119 HPs)
             Began as a Minotaur Fighter on July 3, 2019.
             Was a High Priest of Okawaru.
             Killed from afar by a frost giant (41 damage)
             ... with a bolt of cold
             ... in an ice cave.
             The game lasted 00:35:19 (14472 turns).

DasRunzen the Blocker (Minotaur Fighter)           Turns: 14472, Time: 00:35:19

Health: -22/119    AC: 22    Str: 25    XL:     13   Next: 23%
Magic:  0/16       EV:  7    Int:  5    God:    Okawaru [*****.]
Gold:   736        SH:  0    Dex: 15    Spells: 12/12 levels left

rFire    . . .     SeeInvis +   H - +1 flail "Hulk" {crush, rPois MR+ Dex+4 Stlth-}
rCold    . . .     Gourm    .   c - +0 shield
rNeg     + . .     Faith    .   j - +0 plate armour
rPois    +         Spirit   +   t - +2 hat
rElec    .         Reflect  .   (no cloak)
rCorr    .         Harm     .   A - +2 pair of gloves
MR       +....                  e - +0 pair of boots
Stlth    ..........             G - amulet of Awe {Spirit +Blink rN+ Str-5 SInv}
HPRegen  0.29/turn              m - +5 ring of strength
MPRegen  0.15/turn              I - ring of see invisible

@: confused, finesse
A: retaliatory headbutt, horns 2
a: Heroism, Finesse, Renounce Religion, Evoke Blink


You were in an ice cave.
You worshipped Okawaru.
Okawaru was extremely pleased with you.
You were hungry.

You visited 3 branches of the dungeon, and saw 15 of its levels.
You also visited: Ossuary and Ice Cave.

You collected 923 gold pieces.
You spent 187 gold pieces at shops.

Inventory:

Hand Weapons
 a - a +4 scimitar of flaming
 H - the +1 flail "Hulk" (weapon) {crush, rPois MR+ Dex+4 Stlth-}
   (You took it off an orc on level 7 of the Dungeon)

   It inflicts extra damage upon your enemies.
   It affects your dexterity (+4).
   It protects you from poison.
   It affects your resistance to hostile enchantments.
   It makes you less stealthy.
 J - the +9 hand crossbow of Honesty {flame, rC+ Str-2 Dex+6}
   (You bought it in a shop on level 8 of the Dungeon)

   It causes projectiles fired from it to burn those they strike, causing extra
   injury to most foes and up to half again as much damage against particularly
   susceptible opponents.
   It affects your strength (-2).
   It affects your dexterity (+6).
   It protects you from cold.
 M - a +2 battleaxe of chopping
 O - a +2 arbalest of velocity
Missiles
 B - 128 bolts
Armour
 c - a +0 shield (worn)
 e - a +0 pair of boots (worn)
 j - a +0 plate armour (worn)
 t - a +2 hat (worn)
 A - a +2 pair of gloves (worn)
Jewellery
 m - a +5 ring of strength (left hand)
 G - the amulet of Awe (around neck) {Spirit +Blink rN+ Str-5 SInv}
   (You found it on level 7 of the Dungeon)

   [amulet of guardian spirit]

   It causes incoming damage to be split between your health and magic.
   It affects your strength (-5).
   It protects you from negative energy.
   It lets you see invisible.
   It lets you blink.
 I - a ring of see invisible (right hand)
Wands
 i - a wand of digging (7)
 o - a wand of acid (8)
 v - a wand of paralysis (17)
 D - a wand of clouds (7)
 F - a wand of disintegration (16)
Scrolls
 b - 8 scrolls of teleportation
 q - a scroll of amnesia
 r - 6 scrolls of remove curse
 x - 2 scrolls of blinking
 y - 7 scrolls of magic mapping
 E - a scroll of enchant weapon
 K - a scroll of enchant armour {unknown}
 N - a scroll of immolation {unknown}
Potions
 d - 3 potions of might
 g - 8 potions of agility
 h - 3 potions of flight
 k - 3 potions of lignification
 l - 5 potions of haste
 s - 7 potions of curing
 u - 2 potions of invisibility
 w - 2 potions of brilliance
 z - a potion of mutation {unknown}
 C - a potion of degeneration {unknown}
 L - 4 potions of resistance {unknown}
Comestibles
 f - 25 rations


   Skills:
 + Level 12.5 Fighting
 - Level 10.4(11.2) Axes
 + Level 6.8(9.6) Maces & Flails
 + Level 6.5 Crossbows
 + Level 12.5 Armour
 * Level 13.9 Shields
 + Level 5.7 Invocations


You had 12 spell levels left.
You didn't know any spells.
Your spell library contained the following spells:

 Spells                   Type           Power        Failure   Level  Hunger
 Animate Skeleton         Necr           N/A          99%         1    ##.....
 Apportation              Tloc           #.....       99%         1    ##.....
 Confusing Touch          Hex            #.....       99%         1    ##.....
 Corona                   Hex            #......      99%         1    ##.....
 Summon Small Mammal      Summ           #...         99%         1    ##.....
 Ensorcelled Hibernation  Hex/Ice        #.....       100%        2    ###....
 Confuse                  Hex            #.......     100%        3    ####...
 Dazzling Spray           Conj/Hex       #.....       100%        3    ####...
 Tukima's Dance           Hex            #.......     100%        3    ####...


Dungeon Overview and Level Annotations

Branches:
Dungeon (9/15)             Temple (1/1) D:4            Lair (5/6) D:9
 Shoals (0/4) Lair:4        Snake (0/4) Lair:2        Slime (0/5) Lair:5
    Orc: D:9-12

Altars:
Ashenzari
Cheibriados
Dithmenos
Elyvilon
Fedhas
Gozag
Hepliaklqana
Kikubaaqudgha
Makhleb
Nemelex Xobeh
Okawaru
Qazlal
Ru
Sif Muna
Trog
Uskayaw
Vehumet
Wu Jian
Xom
Yredelemnul
Zin
The Shining One

Shops:
D:8 [**(

Annotations:
Lair:2 1 runed translucent door


Innate Abilities, Weirdness & Mutations

You reflexively headbutt those who attack you in melee.
You have a pair of horns on your head.


Message History

The bolt of cold hits you!!
* * * LOW HITPOINT WARNING * * *
You hit the frost giant. You headbutt the frost giant.
The frost giant is heavily wounded.
You completely miss the frost giant. You headbutt the frost giant!
The frost giant is severely wounded.
The frost giant casts a spell at you. The bolt of cold hits you.
* * * LOW HITPOINT WARNING * * *
You sock the frost giant!
The frost giant is severely wounded.
You feel much better. The frost giant casts a spell at you.
The bolt of cold hits you!!!
* * * LOW HITPOINT WARNING * * *
You are confused.
You feel invigorated.
The frost giant gestures at you while chanting.
The bolt of cold hits you!!!
You die...

#..
##..#
#....
....#
#..Y
#hh##
#YY#
#C#
##@#
#.##
#.##
#..#
##.#
##.#
###.##
##.#.#
#....#


You could see a frost giant, 2 polar bears and 3 yaks.

Vanquished Creatures
  A hydra (D:7)
  A two-headed ogre (D:8)
  2 death yaks (IceCv)
  Urug (Lair:1)
  A cyclops (D:9)
  A manticore (Lair:4)
  5 elephants (Lair:3)
  4 black mambas
  Joseph (D:7)
  A torpor snail (Lair:3)
  10 spiny frogs
  A komodo dragon (Lair:3)
  4 rime drakes
  A hornet (D:8)
  10 polar bears
  2 trolls (D:7)
  2 hippogriffs (Lair:4)
  A wyvern (Lair:1)
  43 yaks
  Menkaure (D:4)
  An acid dragon (D:5)
  4 nagas (Lair:2)
  Edmund (D:5)
  A porcupine (Lair:4)
  Duvessa (D:7)
  9 water moccasins
  3 ice beasts
  5 sky beasts
  3 orc warriors
  2 phantoms
  5 black bears
  5 ogres
  2 centaurs
  3 crocodiles
  26 wolves
  An elf zombie (Ossuary)
  13 bullfrogs
  Dowan (D:7)
  2 killer bees (D:5)
  7 scorpions
  3 wights (D:6)
  5 howler monkeys
  3 crimson imps
  A centaur skeleton (D:9)
  A centaur zombie (Ossuary)
  5 hounds
  7 jellies
  10 orc wizards
  2 bullfrog skeletons
  A gnoll shaman (D:8)
  A human zombie (Ossuary)
  4 orc priests
  7 worker ants
  A hound zombie (D:8)
  A hound skeleton (D:4)
  2 mummies (Ossuary)
  2 worker ant zombies (D:9)
  11 gnolls
  20 adders
  2 shadow imps
  5 oozes (D:8)
  4 adder zombies
  An adder skeleton (D:7)
  A worm (D:3)
  A dart slug (D:3)
  2 leopard geckos
  26 orcs
  6 bats
  4 giant cockroaches
  4 goblins
  6 hobgoblins
  14 jackals
  5 quokkas
  11 ball pythons
  4 frilled lizards
  A goblin zombie (Ossuary)
  11 hobgoblin zombies (Ossuary)
  2 jackal zombies
  4 kobolds
  14 kobold zombies (Ossuary)
  5 orc zombies
  6 rats
  A rat zombie (Ossuary)
  A fungus (Lair:1)
416 creatures vanquished.

Vanquished Creatures (others)
  A polar bear (IceCv)
  3 fungi
  6 plants
  9 toadstools (Lair:2)
19 creatures vanquished.

Grand Total: 435 creatures vanquished

Notes
Turn   | Place    | Note
-------+----------+-------------------------------------------
     0 | D:1      | DasRunzen the Minotaur Fighter began the quest for the Orb.
     0 | D:1      | Reached XP level 1. HP: 19/19 MP: 0/0
    86 | D:1      | Reached XP level 2. HP: 27/27 MP: 1/1
   540 | D:2      | Reached skill level 4 in Shields
   540 | D:2      | Reached XP level 3. HP: 23/33 MP: 2/2
   779 | D:2      | Reached XP level 4. HP: 41/41 MP: 3/3
  1473 | D:3      | Reached XP level 5. HP: 47/47 MP: 4/4
  2158 | D:4      | Reached skill level 5 in Armour
  2158 | D:4      | Reached skill level 5 in Shields
  2160 | D:4      | Reached skill level 5 in Fighting
  2161 | D:4      | Reached XP level 6. HP: 47/56 MP: 5/5
  2180 | D:4      | Found a hide-covered altar of Uskayaw.
  2246 | D:4      | Noticed Menkaure
  2255 | D:4      | Killed Menkaure
  2255 | D:4      | Reached skill level 5 in Axes
  2255 | D:4      | Reached XP level 7. HP: 10/62 MP: 6/6
  2532 | D:4      | Found a staircase to the Ecumenical Temple.
  2549 | Temple   | Entered the Ecumenical Temple
  2915 | D:4      | Reached skill level 6 in Shields
  3099 | D:5      | Entered Level 5 of the Dungeon
  3099 | D:5      | Found a transporter.
  3157 | D:5      | Found a glowing silver altar of Zin.
  3245 | D:5      | Found a transporter.
  3250 | D:5      | Found a bloodstained altar of Trog.
  3341 | D:5      | Found an ancient bone altar of Kikubaaqudgha.
  3389 | D:5      | Noticed Edmund
  3399 | D:5      | Killed Edmund
  3543 | D:5      | Reached XP level 8. HP: 35/71 MP: 7/7
  3554 | D:5      | Reached skill level 7 in Shields
  3817 | D:6      | Found a bloodstained altar of Trog.
  4069 | D:6      | Found a sand-covered staircase.
  4150 | Ossuary  | Entered an ossuary
  4310 | Ossuary  | Reached XP level 9. HP: 81/81 MP: 8/8
  4347 | Ossuary  | Reached skill level 8 in Shields
  5096 | D:7      | Noticed a troll
  5096 | D:7      | Noticed a five-headed hydra
  5160 | D:7      | Killed a troll
  5424 | D:7      | Reached skill level 9 in Shields
  5428 | D:7      | Noticed Duvessa
  5428 | D:7      | Noticed Dowan
  5436 | D:7      | Killed Dowan
  5437 | D:7      | Killed Duvessa
  5486 | D:7      | Noticed Joseph
  5498 | D:7      | Noticed a troll
  5499 | D:7      | Killed Joseph
  5510 | D:7      | Reached XP level 10. HP: 60/91 MP: 9/9
  5727 | D:7      | Got a steaming jade amulet
  5728 | D:7      | Identified the amulet of the Clam {Harm *Drain Int+4 Dex+3}
                  | (You found it on level 7 of the Dungeon)
  5737 | D:7      | Got a fine ruby amulet
  5740 | D:7      | Got a wavering lead ring
  5751 | D:7      | Got a crude emerald amulet
  5844 | D:7      | Identified the ring "Anamysk" {Ice -Tele rN+ Stlth+} (You
                  | found it on level 7 of the Dungeon)
  5846 | D:7      | Identified the amulet "Buwawkoe" {Spirit rF+} (You found it
                  | on level 7 of the Dungeon)
  5848 | D:7      | Identified the amulet of Awe {Spirit +Blink rN+ Str-5 SInv}
                  | (You found it on level 7 of the Dungeon)
  5849 | D:7      | Identified the cursed +1 flail "Hulk" {crush, rPois MR+
                  | Dex+4 Stlth-}
  5922 | D:7      | Killed a five-headed hydra
  6088 | D:7      | Reached skill level 10 in Armour
  6149 | D:8      | Reached skill level 10 in Fighting
  6173 | D:8      | Reached skill level 10 in Shields
  6215 | D:8      | Found Puir Piq's Antique Weapon Shoppe.
  6312 | D:8      | Found Zarphae's Assorted Antiques.
  6315 | D:8      | Bought a transparent hand crossbow for 187 gold pieces
  6316 | D:8      | Identified the +9 hand crossbow of Honesty {flame, rC+
                  | Str-2 Dex+6} (You bought it in a shop on level 8 of the
                  | Dungeon)
  6571 | D:8      | Found Bonam's Armour Boutique.
  6579 | D:8      | Found Bat Rivyul's Assorted Antiques.
  6586 | D:8      | Noticed a two-headed ogre
  6595 | D:8      | Killed a two-headed ogre
  6595 | D:8      | Reached skill level 10 in Axes
  6815 | D:8      | Found a sacrificial altar of Ru.
  6997 | D:8      | Found a basalt altar of Yredelemnul.
  6998 | D:8      | Found a shattered altar of Ashenzari.
  6999 | D:8      | Found a sparkling altar of Nemelex Xobeh.
  7058 | D:8      | Reached skill level 1 in Crossbows
  7486 | D:9      | Reached XP level 11. HP: 101/101 MP: 10/10
  7643 | D:9      | Found a staircase to the Lair.
  7690 | D:9      | Found a shadowy altar of Dithmenos.
  7715 | D:9      | Found an iron altar of Okawaru.
  7718 | D:9      | Found an opulent altar of Gozag.
  7719 | D:9      | Found a glowing silver altar of Zin.
  7719 | D:9      | Found a glowing golden altar of the Shining One.
  7723 | D:9      | Became a worshipper of Warmaster Okawaru
  7979 | D:9      | Reached skill level 1 in Maces & Flails
  8060 | Lair:1   | Entered Level 1 of the Lair of Beasts
  8081 | Lair:1   | Noticed Urug
  8091 | Lair:1   | Killed Urug
  8091 | Lair:1   | Reached skill level 1 in Invocations
  8188 | Lair:1   | Reached skill level 11 in Shields
  8368 | Lair:1   | Reached * piety under Okawaru
  8777 | Lair:1   | Reached ** piety under Okawaru
  8808 | Lair:1   | Found a glowing silver altar of Zin.
  9432 | Lair:2   | Found a staircase to the Snake Pit.
  9435 | Lair:2   | Reached *** piety under Okawaru
  9974 | Lair:2   | Reached skill level 12 in Shields
 10134 | Lair:2   | Reached **** piety under Okawaru
 10410 | Lair:2   | Noticed a catoblepas
 10410 | Lair:2   | Noticed a catoblepas
 10432 | Lair:2   | Found a runed translucent door.
 10979 | Lair:3   | Reached XP level 12. HP: 108/110 MP: 13/13
 11468 | Lair:3   | Reached ***** piety under Okawaru
 11484 | Lair:3   | Reached skill level 5 in Maces & Flails
 11490 | Lair:3   | Reached skill level 5 in Crossbows
 11508 | Lair:3   | Received a gift from Okawaru
 11851 | Lair:3   | Reached skill level 13 in Shields
 12591 | Lair:4   | Found a staircase to the Shoals.
 12603 | Lair:4   | Reached skill level 5 in Invocations
 13074 | Lair:5   | Found a frozen archway.
 13079 | IceCv    | Entered an ice cave
 13532 | IceCv    | Received a gift from Okawaru
 13631 | IceCv    | Noticed a death yak
 13648 | IceCv    | Killed a death yak
 13653 | IceCv    | Reached XP level 13. HP: 83/119 MP: 9/16
 14423 | IceCv    | Noticed a frost giant
 14472 | IceCv    | Killed from afar by a frost giant

Levels and vault maps discovered:
D:1:      psy_arrival_statuary, layout_rooms, kennysheep_boxes
D:2:      layout_loops_ring, minmay_snake_closets
D:3:      layout_loops_ring, first_ration, minivault_25
D:4:      layout_cave_pools, eat_drink_and_be_merry_uskayaw,
          minmay_temple_entry_butterflies, uniq_menkaure
D:5:      layout_cave_pools, gammafunk_temple_overflow_arena,
          kiku_gazebo_pond_becter, basic_altar, uniq_edmund
D:6:      minmay_recursive_quarters, layout_basic, enter_ossuary_3,
          trog_ov_bears_minmay
D:7:      minmay_the_grid_triangle_9x9_recursive_2
          [minmay_the_grid_triangle_9x9_prize_special,
          minmay_the_grid_triangle_9x9_windchime,
          minmay_the_grid_triangle_9x9_sprig,
          minmay_the_grid_triangle_9x9_minimal], layout_basic, uniq_duvessa,
          uniq_joseph
D:8:      layout_basic, minitemple, serial_shops, kennysheep_mini, shop, shop,
          shop_fountains, hangedman_little_slice_of_home,
          hangedman_abyss_or_decor_stabs, minmay_misc_feat_tiny,
          grunt_ministairs_11, hangedman_ru_absence
D:9:      layout_basic, grunt_dithmenos_smoke, grunt_temple_overflow_open,
          dpeg_oklobed_lair, lightli_minifort
Temple:   minmay_temple_curvy_loop
Lair:1:   layout_chaotic_city, basic_altar, minivault_11, uniq_urug
Lair:2:   gammafunk_lair_enchanted_lake, layout_loops_ring,
          minmay_snake_entry_guardpost_small, serial_bayou_lagoon_a,
          chequers_serial_rivers_small_b, minivault_23, minivault_27
Lair:3:   layout_small_grid, st_stairs_9
Lair:4:   layout_roguey, minmay_shoals_entry_beasts
Lair:5:   layout_gridlike, dpeg_slime_entry_enclosed_altar,
          portal_ice_cave_entry_pillars_2, bobbens_dragon_lair_wall
IceCv:    ice_cave_caverns_03

Skill      XL: |  1  2  3  4  5  6  7  8  9 10 11 12 |
---------------+-------------------------------------+-----
Fighting       | 4 5 6 7 9 10 11 12 | 12.5
Axes           | 3 4 5 6 7 9 10 | 10.4
Armour         | 4 5 6 7 9 10 11 12 | 12.5
Shields        | 4 5 6 7 9 10 12 13 | 13.9
Crossbows      | 1 4 6 |  6.5
Maces & Flails | 4 6 |  6.8
Invocations    | 3 5 |  5.7

Action                   |  1- 3 |  4- 6 |  7- 9 | 10-12 | 13-15 || total
-------------------------+-------+-------+-------+-------+-------++-------
Melee: War axe           |    77 |   120 |   321 |    27 |       ||   545
       Headbutt          |     9 |    17 |    61 |   241 |    57 ||   385
       Flail             |       |       |       |   819 |   148 ||   967
 Fire: Hand crossbow     |       |       |       |    22 |       ||    22
Invok: Heroism           |       |       |       |     2 |     1 ||     3
       Finesse           |       |       |       |       |     1 ||     1
 Abil: Evoke Blink       |       |       |       |     1 |       ||     1
  Use: Scroll            |       |     4 |    10 |    11 |       ||    25
       Potion            |       |       |     3 |     1 |     2 ||     6
  Eat: Chunk             |       |     5 |    10 |    28 |     2 ||    45
Armor: Scale mail        |    33 |    14 |       |       |       ||    47
       Plate armour      |       |    62 |   175 |   534 |    66 ||   837
Dodge: Dodged            |    30 |    24 |    64 |   239 |    34 ||   391
Block: Shield            |    50 |    67 |   171 |   673 |    88 ||  1049

Table legend:
 A = Non-vault XP
 B = Vault XP
 C = Vault XP percentage of total XP
 D = Non-vault monster count
 E = Vault monster count
 F = Vault count percentage of total count
                 A         B        C        D         E       F
            +---------+---------+-------+---------+---------+-------
      Total |   25554 |   18748 |  42.3 |     261 |     155 |  37.3
            +---------+---------+-------+---------+---------+-------
        D:1 |      27 |       0 |   0.0 |      16 |       0 |   0.0
        D:2 |      63 |      52 |  45.2 |      10 |      12 |  54.5
        D:3 |      98 |       0 |   0.0 |      22 |       0 |   0.0
        D:4 |     669 |     172 |  20.5 |      26 |       1 |   3.7
        D:5 |     180 |     551 |  75.4 |       8 |       6 |  42.9
        D:6 |    1104 |     510 |  31.6 |      22 |      12 |  35.3
        D:7 |     967 |    2844 |  74.6 |      29 |      16 |  35.6
        D:8 |    2399 |     443 |  15.6 |      25 |      15 |  37.5
        D:9 |    1488 |     534 |  26.4 |      24 |       1 |   4.0
     Lair:1 |    4641 |     815 |  14.9 |      23 |       1 |   4.2
     Lair:2 |    1808 |    1867 |  50.8 |      10 |       9 |  47.4
     Lair:3 |    8671 |     508 |   5.5 |      29 |       2 |   6.5
     Lair:4 |    3349 |     749 |  18.3 |      16 |       2 |  11.1
     Lair:5 |      90 |       0 |   0.0 |       1 |       0 |   0.0
    Ossuary |       0 |     258 | 100.0 |       0 |      39 | 100.0
      IceCv |       0 |    9445 | 100.0 |       0 |      39 | 100.0
            +---------+---------+-------+---------+---------+-------
